 Dungeon Crawl Stone Soup version 0.31-a0-252-gc4385922b5 (webtiles) character file.

Game seed: 2385241162311334983

119 qw the Shooter (level 5, -2/30 HPs)
             Began as a Gargoyle Hexslinger on July 12, 2023.
             Slain by Edmund
             ... wielding a +1 flail of holy wrath
              (4 damage)
             ... on level 4 of the Dungeon.
             The game lasted 00:01:02 (2512 turns).

qw the Shooter (Gargoyle Hexslinger)                Turns: 2512, Time: 00:01:02

Health: -2/30      AC: 10    Str: 11    XL:     5   Next: 3%
Magic:  6/6        EV: 10    Int: 14    God:
Gold:   192        SH:  0    Dex: 14    Spells: 5/6 levels left

rFire   . . .        Y - +1 sling
rCold   . . .        (no shield)
rNeg    + . .        b - +0 ring mail
rPois   inf          (no helmet)
rElec   +            (no cloak)
rCorr   .            d - +0 pair of gloves
SInv    .            (no boots)
Will    +....        (no amulet)
Stlth   +            h - ring of willpower
HPRegen 0.25/turn    (no ring)
MPRegen 0.10/turn

%: no passive effects
@: no status effects
A: sickness immunity, AC +4, negative energy resistance 1, electricity
resistance, torment resistance 1, petrification resistance
a: no special abilities


You were on level 4 of the Dungeon.
You visited 1 branch of the dungeon, and saw 4 of its levels.

You collected 192 gold pieces.


Innate Abilities, Weirdness & Mutations

You are immune to sickness and miasma.
Your stone body is resilient. (AC +4)
You are immune to poison.
You resist negative energy. (rN+)
You are resistant to electric shocks. (rElec)
You are resistant to unholy torment.
You are immune to petrification.


   Skills:
 - Level 2.0 Fighting
 + Level 4.6 Ranged Weapons
 - Level 1.0 Armour
 - Level 1.5 Dodging
 - Level 1.0 Spellcasting
 - Level 2.6 Hexes


You had 5 spell levels left.
You knew the following spells:

 Your Spells              Type           Power      Damage    Failure   Level
a - Slow                  Hex            32%        N/A       21%         1

Your spell library contained the following spells:

 Spells                   Type           Power      Damage    Failure   Level
 Inner Flame              Hex/Fire       4%         N/A       71%         3
 Portal Projectile        Hex/Tloc       8%         N/A       71%         3
 Cause Fear               Hex            4%         N/A       90%         4

Inventory:

Hand Weapons
 Y - a +1 sling (weapon)
Armour
 b - a +0 ring mail (worn)
 d - a +0 pair of gloves (worn)
Jewellery
 f - a +4 ring of protection
 h - a ring of willpower (left hand)
Scrolls
 a - a scroll of blinking {unknown}
 g - a scroll of identify
 j - a scroll of fog {unknown}
Potions
 c - a potion of invisibility {unknown}
 e - 2 potions of haste
 i - 2 potions of curing

Dungeon Overview and Level Annotations

Branches:
Dungeon (4/15)
 Temple: D:4-7

Altars:
Makhleb

Annotations:
D:4 Edmund


Message History

You now have 192 gold pieces (gained 6).
Found 8 stones.
Enter note:
Enter note: Edmund the Younger comes into view.
He is wielding a +1 flail of holy wrath.
Edmund moves out of view.
Enter note:
Enter note:
Enter note:
Enter note: You shoot a sling bullet.
The sling bullet barely misses Edmund.
You shoot a sling bullet.
The sling bullet hits Edmund but does no damage.
Edmund hits you with a +1 flail of holy wrath!
Edmund hits you with a +1 flail of holy wrath.
You shoot a sling bullet.
The sling bullet hits Edmund but does no damage.
Edmund hits you with a +1 flail of holy wrath!
You shoot a sling bullet. The sling bullet closely misses Edmund.
Edmund closely misses you.
You shoot a sling bullet. The sling bullet hits Edmund.
Edmund is lightly wounded.
Edmund hits you but does no damage.
You shoot a sling bullet.
The sling bullet hits Edmund but does no damage.
Edmund is lightly wounded.
Edmund hits you but does no damage. x2
You shoot a sling bullet.
The sling bullet hits Edmund but does no damage.
Edmund is lightly wounded.
Edmund barely misses you.
You shoot a sling bullet. The sling bullet hits Edmund.
Edmund is lightly wounded.
Edmund hits you with a +1 flail of holy wrath!
Edmund completely misses you.
You shoot a sling bullet.
The sling bullet hits Edmund but does no damage.
Edmund is lightly wounded.
Edmund hits you with a +1 flail of holy wrath.
You die...

..# ..# ...##.
...... ###### #....#
#....# ##....###
#....###.......#
#.......@@(..... ..
#.....####.....# ###
.. #.....# ....#
...##.
#.....##########
#.... #..........#
....#####.#......#
#####..####.#......#
...................#
.#####.###..#......#


You could see Edmund.

Vanquished Creatures
  4 adders (D:3)
  2 worms
  A dart slug (D:2)
  An orc (D:3)
  5 endoplasms
  7 giant cockroaches
  5 goblins
  5 hobgoblins
  9 jackals
  7 ball pythons
  3 bats
  5 frilled lizards
  9 kobolds
  6 rats
69 creatures vanquished.

Notes
Turn   | Place    | Note
-------+----------+-------------------------------------------
     0 | D:1      | qw the Gargoyle Hexslinger began the quest for the Orb.
     0 | D:1      | Reached XP level 1. HP: 12/12 MP: 2/2
     0 | D:1      | 0 ||| qw: Version: 0.3-a-52-g30416fa
     0 | D:1      | 0 ||| qw: Game counter: 6640
     0 | D:1      | 0 ||| qw: Melee chars always use a shield: true
     0 | D:1      | 0 ||| qw: God list: Okawaru
     0 | D:1      | 0 ||| qw: Allow faded altars: false
     0 | D:1      | 0 ||| qw: Do Orc after clearing Dungeon:15 true
     0 | D:1      | 0 ||| qw: Do second Lair branch before Depths: true
     0 | D:1      | 0 ||| qw: Lair rune preference: random
     0 | D:1      | 0 ||| qw: Goals: Normal
     0 | D:1      | 0 ||| PLANNING D:1-11
    48 | D:1      | Reached XP level 2. HP: 15/16 MP: 3/3
   126 | D:1      | Reached skill level 3 in Ranged Weapons
   497 | D:1      | Reached XP level 3. HP: 21/21 MP: 4/4
   594 | D:1      | 594 ||| UPGRADING to +0 leather armour.
   604 | D:1      | 604 ||| DROPPING +0 robe.
   605 | D:1      | 605 ||| READING 2 scrolls labelled MODOFA EWKYCOUR.
   606 | D:1      | 606 ||| READING 2 scrolls labelled DANEN OTIENN.
   607 | D:1      | 607 ||| READING scroll labelled ORAAFA FYURA.
   608 | D:1      | 608 ||| DROPPING scroll of fear.
   609 | D:1      | 609 ||| DROPPING scroll of poison.
  1212 | D:2      | 1212 ||| UPGRADING to +0 ring mail.
  1222 | D:2      | 1222 ||| DROPPING +0 leather armour.
  1223 | D:2      | 1223 ||| DROPPING amulet of magic regeneration.
  1224 | D:2      | 1224 ||| UPGRADING to ring of willpower.
  1225 | D:2      | 1225 ||| READING scroll labelled DUCUAR SIXU.
  1226 | D:2      | 1226 ||| DRINKING 2 pink potions.
  1227 | D:2      | 1227 ||| DRINKING 2 fuming clear potions.
  1326 | D:3      | Reached XP level 4. HP: 16/26 MP: 5/5
  1338 | D:3      | Reached skill level 4 in Ranged Weapons
  1605 | D:3      | Reached skill level 1 in Armour
  1626 | D:3      | Found a burning altar of Makhleb.
  1626 | D:3      | Noticed an Executioner
  1629 | D:3      | Noticed a ynoxinul
  1629 | D:3      | Noticed a neqoxec
  2096 | D:3      | 2096 ||| UPGRADING to +0 pair of gloves.
  2101 | D:3      | 2101 ||| DRINKING 2 glowing white potions.
  2138 | D:3      | 2138 ||| DROPPING potion of lignification.
  2435 | D:4      | Reached XP level 5. HP: 30/30 MP: 6/6
  2502 | D:4      | Noticed Edmund
  2511 | D:4      | HP: 1/30 [Edmund/+1 flail of holy wrath (12)]
  2512 | D:4      | Slain by Edmund

Levels and vault maps discovered:
D:1:      nzn_arrival_depleted_hourglass, layout_rooms, minmay_misc_feat_room
D:2:      layout_loops_ring, minmay_liquid_box
D:3:      layout_loops_ring, makhleb_altar_promises_db, grunt_ministairs_12,
          st_stairs_12
D:4:      layout_basic, nicolae_ru_the_path_less_chosen, uniq_edmund

Skill      XL: |  1  2  3  4 |
---------------+-------------+-----
Ranged Weapons | 3 4 |  4.6
Fighting       | 2 |  2.0
Armour         | 1 |  1.0
Dodging        | |  1.5
Spellcasting   | |  1.0
Hexes          | |  2.6

Action                     |  1- 3 |  4- 6 || total
---------------------------+-------+-------++-------
   Fire: Sling             |   137 |   107 ||   244
    Use: Scroll            |     4 |       ||     4
         Potion            |     2 |     1 ||     3
 Armour: Robe              |    11 |       ||    11
         Ring mail         |    12 |    56 ||    68
         Leather armour    |     5 |       ||     5
  Dodge: Dodged            |    43 |    55 ||    98

Table legend:
 A = Non-vault XP
 B = Vault XP
 C = Vault XP percentage of total XP
 D = Non-vault monster count
 E = Vault monster count
 F = Vault count percentage of total count
                 A         B        C        D         E       F
            +---------+---------+-------+---------+---------+-------
      Total |     149 |      22 |  12.9 |      65 |       4 |   5.8
            +---------+---------+-------+---------+---------+-------
        D:1 |      39 |       0 |   0.0 |      26 |       0 |   0.0
        D:2 |      30 |       0 |   0.0 |      15 |       0 |   0.0
        D:3 |      68 |      22 |  24.4 |      18 |       4 |  18.2
        D:4 |      12 |       0 |   0.0 |       6 |       0 |   0.0
            +---------+---------+-------+---------+---------+-------
